 Dungeon Crawl Stone Soup version 0.30.1-11-g7821555f0a (webtiles) character file.

Game seed: 7917485790526887487

127 SacredBeard the Grave Robber (level 4, -8/32 HPs)
             Began as a Demonspawn Necromancer on Nov 27, 2023.
             Killed by divine providence
             ... invoked by an orc priest
              (12 damage)
             ... on level 3 of the Dungeon.
             The game lasted 00:04:39 (1742 turns).

SacredBeard the Grave Robber (DsNe)                 Turns: 1742, Time: 00:04:39

Health: -8/32      AC:  8    Str:  9    XL:     4   Next: 85%
Magic:  1/7        EV: 12    Int: 16    God:
Gold:   96         SH:  0    Dex: 15    Spells: 6/7 levels left

rFire   . . .        m - +0 short sword
rCold   . . .        (no shield)
rNeg    . . .        a - +0 robe
rPois   .            (no helmet)
rElec   .            r - +0 cloak
rCorr   .            s - +1 Delatra's gloves {ID++}
SInv    .            (no boots)
Will    +....        (no amulet)
Stlth   ++           h - ring of flight
HPRegen 0.25/turn    k - ring of willpower
MPRegen 0.10/turn

%: no passive effects
@: flying
A: icy blue scales 2, weakness stinger 1
a: no special abilities


You were on level 3 of the Dungeon.
You visited 1 branch of the dungeon, and saw 3 of its levels.

You collected 96 gold pieces.

Inventory:

Hand Weapons
 m - a +0 short sword (weapon)
Missiles
 i - 20 stones
 o - 6 poisoned darts
Armour
 a - a +0 robe (worn)
 r - a +0 cloak (worn)
 s - the +1 Delatra's gloves (worn) {ID++}
   (You found it on level 2 of the Dungeon)

   ID++:      It heals its wearer when they drink unknown potions, and restores
   their MP when they read unknown scrolls.
Jewellery
 h - a ring of flight (left hand)
 k - a ring of willpower (right hand)
Scrolls
 c - 4 scrolls of identify {unknown}
 f - a scroll of vulnerability {unknown}
 l - 3 scrolls of teleportation {unknown}
 p - a scroll of fear {unknown}
Potions
 b - a potion of magic
 d - 2 potions of degeneration {unknown}
 e - 6 potions of curing {unknown}
 g - a potion of invisibility {unknown}
 j - a potion of ambrosia {unknown}
 n - a potion of attraction {unknown}
 q - a potion of haste {unknown}
 t - a potion of berserk rage {unknown}


   Skills:
 + Level 1.3 Fighting
 + Level 1.2 Throwing
 + Level 1.2 Armour
 - Level 2.0 Dodging
 + Level 2.4 Stealth
 - Level 2.0 Spellcasting
 * Level 5.2 Necromancy
 + Level 1.2 Evocations


You had 6 spell levels left.
You knew the following spells:

 Your Spells              Type           Power      Damage    Failure   Level
a - Necrotise             Necr           72%        1d7       2%          1

Your spell library contained the following spells:

 Spells                   Type           Power      Damage    Failure   Level
 Vampiric Draining        Necr           18%        2d7       8%          3
 Animate Dead             Necr           18%        N/A       24%         4
 Call Canine Familiar     Summ           1%         N/A       52%         3
 Portal Projectile        Hex/Tloc       2%         N/A       52%         3
 Agony                    Necr           18%        N/A       56%         5
 Leda's Liquefaction      Hex/Erth       0%         N/A       90%         4


Dungeon Overview and Level Annotations

Branches:
Dungeon (3/15) Zot: 16259

Altars:

Shops:
D:2 !


Innate Abilities, Weirdness & Mutations

You are mostly covered in icy blue scales. (AC +3)
You have a small tail.


Message History

You can't see any susceptible monsters within range! (Use Z to cast anyway.)
You swap places.
Something writhes in agony!
An orc priest comes into view. It is wielding a +0 club.
You miscast Necrotise.
You are very lightly contaminated with residual magic.
Nothing appears to happen.
Your orc priest skeleton hits something.
Something hits you but does no damage.
Something writhes in agony.
Your orc priest skeleton barely misses something.
Something hits you but does no damage.
Nothing appears to happen.
Something hits you but does no damage.
Your orc priest skeleton closely misses something.
You are out of magic!
You are out of magic!
You are out of magic!
You are out of magic!
Casting: Necrotise (safe; 2% risk of failure)
Confirm with . or Enter, or press ? or * to list all spells.
You don't know that spell.
You closely miss something. You tail-slap something.
You hear some strange, mumbled words.
A magic dart appears from out of thin air!
The magic dart hits you.
You miss something.
Your orc priest skeleton hits something but does no damage.
Something hits you.
The orc priest calls down the wrath of Beogh upon you.
Beogh smites you!
* * * LOW HITPOINT WARNING * * *
Your orc priest skeleton closely misses something.
Something hits you but does no damage.
Your orc priest skeleton hits the orc.
Your magical contamination has completely faded away.
Something hits you.
* * * LOW HITPOINT WARNING * * *
Your orc priest skeleton closely misses the orc.
The orc priest invokes the aid of Beogh against you.
Beogh smites you!
You die...

#..# ....
##.# ...
#.# #.#
#.#
##.#######
#.#
#.Z.o.....
#.####.o#
#.##...##
#..#..##
##..@##
#..###
#..# ##.#
#.# #.#
#.# ...


You could see an orc priest, an orc (ally target) and a friendly orc priest
skeleton.

Vanquished Creatures
  An orc priest (D:3)
  An orc wizard (D:2)
  3 adders (D:2)
  2 dart slugs (D:2)
  2 orcs (D:2)
  3 ball pythons (D:2)
  3 endoplasms
  2 giant cockroaches
  4 goblins
  3 hobgoblins
  A quokka (D:2)
  6 bats
  2 frilled lizards (D:2)
  4 rats
37 creatures vanquished.

Vanquished Creatures (collateral kills)
  A worm (D:2)
  A kobold (D:2)
  A rat (D:2)
3 creatures vanquished.

Grand Total: 40 creatures vanquished

Notes
Turn   | Place    | Note
-------+----------+-------------------------------------------
     0 | D:1      | SacredBeard the Demonspawn Necromancer began the quest for
                  | the Orb.
     0 | D:1      | Reached XP level 1. HP: 13/13 MP: 3/3
   464 | D:1      | Gained mutation: You have a small tail. [demonic ancestry]
   464 | D:1      | Reached XP level 2. HP: 17/19 MP: 0/5
   837 | D:2      | Gained mutation: You are partially covered in icy blue
                  | scales. (AC +2) [demonic ancestry]
   837 | D:2      | Reached XP level 3. HP: 21/25 MP: 0/6
  1137 | D:2      | Found Reiz's Distillery.
  1166 | D:2      | Reached skill level 1 in Fighting
  1166 | D:2      | Reached skill level 1 in Armour
  1414 | D:2      | Reached skill level 5 in Necromancy
  1414 | D:2      | Gained mutation: You are mostly covered in icy blue scales.
                  | (AC +3) [demonic ancestry]
  1414 | D:2      | Reached XP level 4. HP: 32/32 MP: 1/7
  1561 | D:2      | Found the +1 Delatra's gloves {ID++}
  1569 | D:2      | Reached skill level 1 in Throwing
  1569 | D:2      | Reached skill level 1 in Evocations
  1742 | D:3      | Killed from afar by an orc priest

Illustrated notes

Levels and vault maps discovered:
D:1:      ldierk_walled_garden, layout_rooms
D:2:      layout_rooms, serial_shops, nicolae_shop_hallway_stairs,
          pf_guarded_unrand_delatra
D:3:      layout_rooms, mainiacjoe_overflow_alcove_1, grunt_decor_clamped,
          minmay_fountain_box, uniq_grinder

Skill      XL: |  1  2  3  4 |
---------------+-------------+-----
Stealth        | 2 |  2.4
Dodging        | 2 |  2.0
Fighting       | 1 |  1.3
Armour         | 1 |  1.2
Necromancy     | 5 |  5.2
Throwing       | 1 |  1.2
Evocations     | 1 |  1.2
Spellcasting   | |  2.0

Action                     |  1- 3 |  4- 6 || total
---------------------------+-------+-------++-------
  Melee: Dagger            |    15 |       ||    15
         Short sword       |    23 |     7 ||    30
         Tailslap          |     1 |     3 ||     4
   Cast: Necrotise         |    60 |    13 ||    73
 Armour: Robe              |     8 |    10 ||    18
  Dodge: Dodged            |    38 |     7 ||    45
